[Event "ICCopen2017"]
[Site "Internet Chess Club"]
[Date "2017.03.19"]
[Round "2"]
[White "chesscomet"]
[Black "Ceejay24"]
[Result "0-1"]
[ICCResult "White resigns"]
[WhiteElo "1752"]
[BlackElo "2229"]
[Opening "Sicilian: closed, 6.f4"]
[ECO "B25"]
[NIC "SI.45"]
[Time "19:21:57"]
[TimeControl "180+0"]

1. e4 c5 2. Nc3 Nc6 3. g3 g6 4. Bg2 Bg7 5. d3 d6 6. f4 e6 7. Nf3 Nge7 8. O-O
O-O 9. Be3 Nd4 10. Rb1 b6 11. Ne2 Nxe2+ 12. Qxe2 d5 13. e5 a5 14. Nd2 Nf5
15. c4 Bb7 16. Bf2 Qd7 17. b3 Nd4 18. Bxd4 cxd4 19. Rfd1 Rfd8 20. Nf3 Bf8
21. Nxd4 Bc5 22. Qb2 dxc4 23. dxc4 Bxg2 24. Kxg2 Bxd4 25. Rxd4 Qxd4 26. Qxd4
Rxd4 27. Rc1 Rd2+ 28. Kh3 Rxa2 29. c5 bxc5 30. Rxc5 h5 31. g4 hxg4+ 32. Kxg4
Rxh2 33. Rc7 Kg7 34. Rb7 Rb2 35. Kg3 a4 {White resigns} 0-1

[Event "ICCopen2017"]
[Site "Internet Chess Club"]
[Date "2017.03.19"]
[Round "2"]
[White "akibael"]
[Black "GYMEJR"]
[Result "1-0"]
[ICCResult "Black resigns"]
[WhiteElo "2158"]
[BlackElo "1559"]
[Opening "Réti: King's Indian attack (Barcza system)"]
[ECO "A07"]
[NIC "QP.09"]
[Time "19:22:53"]
[TimeControl "180+0"]

1. Nf3 d5 2. g3 c6 3. Bg2 Bf5 4. O-O e6 5. d3 Nf6 6. Nh4 Bg6 7. Nd2 Be7 8.
e4 dxe4 9. dxe4 Nbd7 10. Nxg6 hxg6 11. Qe2 Qc7 12. Nc4 O-O-O 13. Bf4 e5 14.
Be3 Kb8 15. a4 Rh5 16. a5 Rdh8 17. h3 g5 18. Rfd1 g4 19. hxg4 Rh2 20. g5
Rxg2+ 21. Kxg2 Nxe4 22. Qg4 f5 23. Qxf5 Ndc5 24. Qxe5 Bxg5 25. Bxc5 Qxe5 26.
Nxe5 Nxc5 27. Nd7+ Kc7 28. Nxc5 Bf6 29. Rd7+ {Black resigns} 1-0

[Event "ICCopen2017"]
[Site "Internet Chess Club"]
[Date "2017.03.19"]
[Round "2"]
[White "LittleMaster"]
[Black "fletcherdavid"]
[Result "1-0"]
[ICCResult "Black resigns"]
[WhiteElo "2298"]
[BlackElo "1826"]
[Opening "Caro-Kann defense"]
[ECO "B10"]
[NIC "CK.01"]
[Time "19:22:58"]
[TimeControl "180+0"]

1. e4 c6 2. Nf3 d5 3. exd5 cxd5 4. d4 g6 5. c3 Nc6 6. Be2 Bg7 7. O-O Bg4 8.
h3 Bxf3 9. Bxf3 e6 10. Re1 Nf6 11. Nd2 O-O 12. Nf1 b5 13. Ng3 a5 14. Bf4 Rc8
15. Qd2 b4 16. Bh6 bxc3 17. bxc3 a4 18. Qf4 Ne7 19. Re5 Qc7 20. Bxg7 Kxg7
21. Qg5 h6 22. Qh4 Qxc3 23. Rae1 Rc4 24. Rd1 Qc2 25. Ree1 Nf5 26. Nxf5+ Qxf5
27. Qg3 Nh5 28. Qd6 Qf4 29. Re5 Rxd4 30. Rxd4 Qxd4 31. Bxh5 gxh5 32. Re3 Qf6
33. Rg3+ Kh7 34. Qxf8 {Black resigns} 1-0

[Event "ICCopen2017"]
[Site "Internet Chess Club"]
[Date "2017.03.19"]
[Round "2"]
[White "Littlejack1"]
[Black "Magagna"]
[Result "1-0"]
[ICCResult "Black checkmated"]
[WhiteElo "1385"]
[BlackElo "1588"]
[Opening "French: Tarrasch, closed variation"]
[ECO "C05"]
[NIC "FR.17"]
[Time "19:22:24"]
[TimeControl "180+0"]

1. e4 e6 2. d4 d5 3. Nd2 Nf6 4. e5 Nfd7 5. Bd3 c5 6. c3 Nc6 7. Ne2 Qb6 8.
Nf3 Be7 9. O-O O-O 10. Qc2 f5 11. exf6 Nxf6 12. Nf4 cxd4 13. Ng5 e5 14.
Bxh7+ Kh8 15. Ng6# {Black checkmated} 1-0

[Event "ICCopen2017"]
[Site "Internet Chess Club"]
[Date "2017.03.19"]
[Round "2"]
[White "adypady"]
[Black "Chessjester"]
[Result "1-0"]
[ICCResult "Black resigns"]
[WhiteElo "2447"]
[BlackElo "1851"]
[Opening "French: MacCutcheon, Lasker variation"]
[ECO "C12"]
[NIC "FR.05"]
[Time "19:22:38"]
[TimeControl "180+0"]

1. e4 e6 2. d4 d5 3. Nc3 Nf6 4. Bg5 Bb4 5. e5 h6 6. Bd2 Bxc3 7. bxc3 Ne4 8.
Qg4 Kf8 9. Bd3 Nxd2 10. Kxd2 c5 11. h4 Nc6 12. Rh3 h5 13. Qf4 Qa5 14. Rf3
Nd8 15. Bg6 Qc7 16. Nh3 Rh6 17. Bd3 cxd4 18. cxd4 Bd7 19. Ng5 Be8 20. Nh7+
Kg8 21. Nf6+ Kf8 22. Qg5 Rc8 23. Nxh5 Rxh5 24. Qxh5 Ke7 25. Qg5+ Kd7 26. Rb1
Qc3+ 27. Ke2 b6 28. Bb5+ Nc6 29. Rxc3 {Black resigns} 1-0

[Event "ICCopen2017"]
[Site "Internet Chess Club"]
[Date "2017.03.19"]
[Round "2"]
[White "FytinFrank"]
[Black "TrendFriend"]
[Result "0-1"]
[ICCResult "White resigns"]
[WhiteElo "1854"]
[BlackElo "2453"]
[Opening "Sicilian: closed"]
[ECO "B23"]
[NIC "SI.44"]
[Time "19:22:32"]
[TimeControl "180+0"]

1. e4 c5 2. Nc3 e6 3. f4 Nc6 4. Nf3 Nge7 5. d4 cxd4 6. Nxd4 a6 7. Be3 b5 8.
Bd3 Bb7 9. Qf3 Nxd4 10. Bxd4 Nc6 11. Be3 Be7 12. O-O O-O 13. Qh3 Nb4 14. f5
Nxd3 15. cxd3 Bf6 16. Rf3 Rc8 17. Ne2 Rc2 18. Nf4 exf5 19. Qxf5 Rxb2 20.
Raf1 g6 21. Qh3 Bg7 22. Qg3 d5 23. Bc5 dxe4 24. dxe4 Bxe4 25. Bxf8 Bxf8 26.
Rc3 Bd6 27. Qg4 Qb6+ 28. Kh1 Bxf4 29. Rc8+ Kg7 30. Rxf4 Bxg2+ 31. Qxg2 Rxg2
32. Kxg2 Qb7+ {White resigns} 0-1

[Event "ICCopen2017"]
[Site "Internet Chess Club"]
[Date "2017.03.19"]
[Round "2"]
[White "Balderdash"]
[Black "F83"]
[Result "0-1"]
[ICCResult "White checkmated"]
[WhiteElo "1104"]
[BlackElo "1720"]
[Opening "Sicilian defense"]
[ECO "B40"]
[NIC "SI.43"]
[Time "19:21:54"]
[TimeControl "180+0"]

1. e4 c5 2. Nf3 e6 3. Nc3 a6 4. Ne5 Nf6 5. d3 d5 6. Bg5 Be7 7. Bxf6 Bxf6 8.
Ng4 Be7 9. exd5 exd5 10. Ne5 O-O 11. Qf3 Bf6 12. d4 cxd4 13. Nxd5 Bxe5 14.
Bd3 Qd6 15. Qe4 f5 16. Qf3 Be6 17. Bc4 Nc6 18. O-O Rad8 19. b3 Bxd5 20.
Bxd5+ Qxd5 21. Qxd5+ Rxd5 22. c4 dxc3 23. Rac1 Rfd8 24. g3 Rd2 25. f4 Bd4+
26. Kh1 c2 27. Rce1 Bb2 28. Rg1 Rf2 29. Ref1 Rdd2 30. Rg2 Rxf1+ 31. Rg1
Rxg1+ 32. Kxg1 c1=Q# {White checkmated} 0-1

[Event "ICCopen2017"]
[Site "Internet Chess Club"]
[Date "2017.03.19"]
[Round "2"]
[White "Kronus"]
[Black "habishek"]
[Result "1-0"]
[ICCResult "Black checkmated"]
[WhiteElo "1511"]
[BlackElo "1028"]
[Opening "Philidor's defense"]
[ECO "C41"]
[NIC "KP.08"]
[Time "19:22:22"]
[TimeControl "180+0"]

1. e4 e5 2. Nf3 d6 3. d4 Bg4 4. h3 Bxf3 5. gxf3 exd4 6. Qxd4 Nf6 7. Nc3 Be7
8. Bg5 O-O 9. O-O-O h6 10. Be3 Nh7 11. Qd2 Bf6 12. Bd3 Bg5 13. h4 Bxe3 14.
fxe3 Nc6 15. f4 d5 16. exd5 Nb4 17. Bxh7+ Kxh7 18. Qd4 Na6 19. Rdg1 g6 20.
h5 Rg8 21. hxg6+ fxg6 22. Ne4 Rg7 23. Ng5+ Kg8 24. Rxh6 Qe8 25. Rgh1 Kf8 26.
Rh8+ Ke7 27. Qxg7+ Kd6 28. Rxe8 Rxe8 29. e4 Nc5 30. Nf7+ Kd7 31. Ne5+ Kc8
32. Rh8 Rd8 33. Rxd8+ Kxd8 34. Qf8# {Black checkmated} 1-0

[Event "ICCopen2017"]
[Site "Internet Chess Club"]
[Date "2017.03.19"]
[Round "2"]
[White "egyptiantiger"]
[Black "M-Ezat"]
[Result "0-1"]
[ICCResult "White checkmated"]
[WhiteElo "1796"]
[BlackElo "2277"]
[Opening "Czech Benoni: King's Indian system"]
[ECO "A56"]
[NIC "OI.05"]
[Time "19:21:50"]
[TimeControl "180+0"]

1. d4 Nf6 2. c4 c5 3. d5 e5 4. Nc3 d6 5. e4 g6 6. Nf3 Bg7 7. Be2 O-O 8. O-O
Ne8 9. Ne1 f5 10. Nd3 Nf6 11. f3 f4 12. Rb1 g5 13. b4 b6 14. bxc5 bxc5 15.
Nf2 h5 16. h3 Rf7 17. Bd2 Bh6 18. Qa4 Rg7 19. Rb2 g4 20. fxg4 hxg4 21. Bxg4
Nxg4 22. Nxg4 Bxg4 23. hxg4 Rxg4 24. Be1 Nd7 25. Qc6 Nf6 26. Rb7 Kh8 27. Qc7
Qg8 28. Rf2 f3 29. Qf7 Rxg2+ 30. Kh1 Rg1+ 31. Kh2 Qg3# {White checkmated}
0-1

[Event "ICCopen2017"]
[Site "Internet Chess Club"]
[Date "2017.03.19"]
[Round "2"]
[White "iragefree"]
[Black "qs16"]
[Result "1-0"]
[ICCResult "Black resigns"]
[WhiteElo "1653"]
[BlackElo "1339"]
[Opening "QGD Slav defense"]
[ECO "D10"]
[NIC "SL.01"]
[Time "19:22:56"]
[TimeControl "180+0"]

1. d4 d5 2. c4 c6 3. Nc3 Bf5 4. Qb3 Qb6 5. c5 Qxb3 6. axb3 e6 7. Bf4 Nd7 8.
e3 Be7 9. b4 Ngf6 10. Nf3 O-O 11. h3 Ne4 12. b5 Nxc3 13. bxc3 f6 14. bxc6
bxc6 15. Ba6 Rfb8 16. Bxb8 Rxb8 17. O-O Rb3 18. Rfc1 Bxc5 19. dxc5 Nxc5 20.
Bf1 Ne4 21. Nd4 Rb8 22. Nxc6 Rc8 23. Ne7+ Kf7 24. Nxc8 Kg6 25. Rxa7 Nc5 26.
Ne7+ Kg5 27. Nxf5 Kxf5 28. Rxg7 h5 29. c4 dxc4 30. Rxc4 Nb3 31. Bd3+ Ke5 32.
f4+ Kd6 33. Rb4 Nd2 34. Rh7 e5 35. fxe5+ Kxe5 36. Rxh5+ f5 37. Rxf5+ Ke6 38.
Rb6+ Ke7 39. Rh5 Kf7 40. Rh7+ Kg8 41. Ra7 {Black resigns} 1-0

[Event "ICCopen2017"]
[Site "Internet Chess Club"]
[Date "2017.03.19"]
[Round "2"]
[White "flashlight"]
[Black "josper05"]
[Result "1-0"]
[ICCResult "Black resigns"]
[WhiteElo "2119"]
[BlackElo "1491"]
[Opening "QGD Slav: exchange variation"]
[ECO "D13"]
[NIC "SL.02"]
[Time "19:22:33"]
[TimeControl "180+0"]

1. d4 Nf6 2. Nf3 c5 3. c3 cxd4 4. cxd4 d5 5. Nc3 e6 6. Bf4 Bd6 7. Bg3 O-O 8.
e3 Nc6 9. Bd3 Re8 10. Ne5 Qc7 11. f4 b6 12. O-O Bb7 13. Bh4 Nd7 14. Bxh7+
Kxh7 15. Qh5+ Kg8 16. Qxf7+ Kh8 17. Rf3 Bxe5 18. Rh3 Nf8 19. Bf6+ Nh7 20.
Bxg7+ Bxg7 21. Qxc7 Re7 22. Qd6 Rd8 23. Qa3 Bc8 24. Rh5 a5 25. Rf1 Nb4 26.
Rf3 Bf6 27. Rfh3 Rg7 28. Qb3 Rdg8 29. g3 Nd3 30. Nxd5 exd5 31. Qxd3
{Black resigns}
1-0

[Event "ICCopen2017"]
[Site "Internet Chess Club"]
[Date "2017.03.19"]
[Round "2"]
[White "Eigeneier"]
[Black "Dewey"]
[Result "1-0"]
[ICCResult "Black resigns"]
[WhiteElo "1747"]
[BlackElo "1395"]
[Opening "QGD: Marshall defense"]
[ECO "D06"]
[NIC "QP.08"]
[Time "19:23:09"]
[TimeControl "180+0"]

1. d4 d5 2. c4 Nf6 3. cxd5 Nxd5 4. Nf3 Nc6 5. e4 Nf6 6. Nc3 e6 7. Bd3 Bb4 8.
Be3 O-O 9. O-O a6 10. Qc2 h6 11. Rac1 Ng4 12. h3 Nxe3 13. fxe3 Bd7 14. a3
Ba5 15. b4 Bb6 16. e5 Rc8 17. Ne4 Ne7 18. Nh2 Bc6 19. Ng4 f5 20. exf6 Bxe4
21. fxe7 Qxe7 22. Bxe4 c6 23. Ne5 Qg5 24. Rxf8+ Rxf8 25. Qd3 Rd8 26. Nf3 Qg3
27. Bh7+ Kh8 28. Qg6 Qxg6 29. Bxg6 Rf8 30. Ne5 Kg8 31. Nd7 Bc7 32. Nxf8
{Black resigns}
1-0

[Event "ICCopen2017"]
[Site "Internet Chess Club"]
[Date "2017.03.19"]
[Round "2"]
[White "zoujun1966"]
[Black "mrneale"]
[Result "1-0"]
[ICCResult "Black checkmated"]
[WhiteElo "1548"]
[BlackElo "1089"]
[Opening "Ruy Lopez: closed defense"]
[ECO "C84"]
[NIC "RL.13"]
[Time "19:22:34"]
[TimeControl "180+0"]

1. e4 e5 2. Nf3 Nc6 3. Bb5 a6 4. Ba4 Be7 5. O-O Nf6 6. d3 b5 7. Bb3 d6 8. c3
h6 9. Re1 Bg4 10. Nbd2 O-O 11. h3 Be6 12. Nf1 Nh7 13. Ne3 Bxb3 14. Qxb3 Ng5
15. Nh2 Na5 16. Qd1 c6 17. Nf5 Nb7 18. h4 Ne6 19. Qh5 Nbc5 20. Ng4 Nxd3 21.
Bxh6 Nxe1 22. Bxg7 Nf4 23. Qh8# {Black checkmated} 1-0

[Event "ICCopen2017"]
[Site "Internet Chess Club"]
[Date "2017.03.19"]
[Round "2"]
[White "JUGGERNOT"]
[Black "Snaky"]
[Result "1-0"]
[ICCResult "Black forfeits on time"]
[WhiteElo "1734"]
[BlackElo "1210"]
[Opening "Bird's opening"]
[ECO "A02"]
[NIC "VO.07"]
[Time "19:22:02"]
[TimeControl "180+0"]

1. f4 c5 2. Nf3 Nc6 3. e4 d6 4. Be2 Bg4 5. O-O Nf6 6. d3 g6 7. c3 Bg7 8. h3
Bd7 9. Be3 O-O 10. Qd2 b6 11. Na3 a6 12. Nh4 e6 13. Nf3 e5 14. fxe5 Nxe5 15.
Bg5 Nxf3+ 16. Rxf3 Qe8 17. Bxf6 Bxf6 18. Rxf6 Qe5 19. Raf1 Bxh3 20. Qf4 Qxf4
21. R1xf4 Be6 22. b3 Ra7 23. Bg4 Bxg4 24. Rxg4 Kg7 25. Rgf4 Re7 26. Rxd6 Rb7
27. Nc4 g5 28. Rff6 b5 29. Ne3 a5 30. Rf5 f6 31. Rxc5 Rbf7 32. Nf5+ Kh8 33.
Rxb5 Rc7 34. c4 Ra7 35. a4 Raf7 36. Rxa5 Rb7 37. Rb5 {Black forfeits on
time} 1-0

[Event "ICCopen2017"]
[Site "Internet Chess Club"]
[Date "2017.03.19"]
[Round "2"]
[White "BoldPlan"]
[Black "lustigbridge"]
[Result "1-0"]
[ICCResult "Black forfeits on time"]
[WhiteElo "1661"]
[BlackElo "1791"]
[Opening "Giuoco Pianissimo"]
[ECO "C50"]
[NIC "IG.02"]
[Time "19:22:25"]
[TimeControl "180+0"]

1. e4 e5 2. Nf3 Nc6 3. Bc4 Bc5 4. d3 Nf6 5. c3 d6 6. Bb3 a6 7. h3 O-O 8.
Nbd2 Be6 9. Bc2 d5 10. Qe2 Re8 11. Nf1 b5 12. g4 b4 13. Ng3 bxc3 14. bxc3 d4
15. c4 Nb4 16. Bb1 Bc8 17. O-O Nd7 18. Kh2 Nc6 19. Nf5 Ne7 20. Bc2 Ng6 21.
Ba4 f6 22. h4 Rf8 23. Rg1 Kh8 24. Rb1 Nb6 25. Bc6 Rb8 26. h5 Ne7 27. Bd2
Nxf5 28. gxf5 Bb7 29. Bxb7 Rxb7 30. a4 Rb8 31. Rg3 Nxa4 32. Rbg1 Rg8 33. Nh4
Qe8 34. Ng6+ hxg6 35. hxg6 {Black forfeits on time} 1-0

[Event "ICCopen2017"]
[Site "Internet Chess Club"]
[Date "2017.03.19"]
[Round "2"]
[White "daskapitallesen"]
[Black "lollipop"]
[Result "1-0"]
[ICCResult "Black resigns"]
[WhiteElo "1842"]
[BlackElo "1458"]
[Opening "QGD: exchange, positional line"]
[ECO "D35"]
[NIC "QO.16"]
[Time "19:23:18"]
[TimeControl "180+0"]

1. d4 d5 2. c4 e6 3. Nc3 Nf6 4. cxd5 exd5 5. Bg5 Be7 6. e3 c6 7. Bd3 Bg4 8.
Qc2 Bh5 9. Nge2 Nbd7 10. Nf4 Bg6 11. Nxg6 hxg6 12. h3 Qa5 13. O-O Rh5 14.
Bf4 g5 15. Bg3 g6 16. Be2 Rh7 17. a3 Nh5 18. b4 Qd8 19. Bh2 Ndf6 20. Bd3 Bd6
21. Be5 Bxe5 22. dxe5 Nd7 23. Bxg6 fxg6 24. Qxg6+ Rf7 25. Qxh5 Nxe5 26. Qh8+
Rf8 27. Qxe5+ {Black resigns} 1-0

[Event "ICCopen2017"]
[Site "Internet Chess Club"]
[Date "2017.03.19"]
[Round "2"]
[White "vbtry3"]
[Black "sec7"]
[Result "1-0"]
[ICCResult "Black checkmated"]
[WhiteElo "1706"]
[BlackElo "1299"]
[Opening "French: Albin-Alekhine-Châtard attack"]
[ECO "C13"]
[NIC "FR.06"]
[Time "19:21:54"]
[TimeControl "180+0"]

1. e4 e6 2. d4 d5 3. Nc3 Nf6 4. Bg5 Be7 5. e5 Nfd7 6. h4 Bxg5 7. hxg5 Qxg5
8. Nh3 Qe7 9. Qg4 f6 10. f4 Qf7 11. O-O-O Nc6 12. Bb5 Na5 13. Bd3 Nc4 14.
Bxc4 dxc4 15. d5 Nc5 16. dxe6 Bxe6 17. f5 h5 18. Qf3 Bc8 19. e6 Qe7 20. Nf4
Rh6 21. Rxh5 Rxh5 22. Qxh5+ g6 23. Qxg6+ Kf8 24. Rd8+ Qxd8 25. Qf7#
{Black checkmated}
1-0

[Event "ICCopen2017"]
[Site "Internet Chess Club"]
[Date "2017.03.19"]
[Round "2"]
[White "Reti"]
[Black "LiangLiang"]
[Result "1-0"]
[ICCResult "Black resigns"]
[WhiteElo "2241"]
[BlackElo "1788"]
[Opening "Sicilian: Sozin with ...a6 and ...b5"]
[ECO "B87"]
[NIC "SI.13"]
[Time "19:23:09"]
[TimeControl "180+0"]

1. e4 c5 2. Nf3 d6 3. d4 cxd4 4. Nxd4 Nf6 5. Nc3 a6 6. Bc4 e6 7. Bb3 b5 8.
O-O Be7 9. Qf3 Bb7 10. Bxe6 fxe6 11. Nxe6 Qd7 12. Nxg7+ Kf7 13. Nf5 Nc6 14.
Bg5 Ne5 15. Qg3 Bxe4 16. Nxe7 Qxe7 17. Bxf6 Qxf6 18. Nxe4 Qe7 19. Rad1 Rad8
20. Rfe1 Rhg8 21. Qf4+ Ke8 22. Nf6+ {Black resigns} 1-0

[Event "ICCopen2017"]
[Site "Internet Chess Club"]
[Date "2017.03.19"]
[Round "2"]
[White "TheLlamaLord"]
[Black "allmight"]
[Result "0-1"]
[ICCResult "White checkmated"]
[WhiteElo "1831"]
[BlackElo "1674"]
[Opening "King's Indian: Kazakh variation"]
[ECO "E91"]
[NIC "KI.19"]
[Time "19:22:24"]
[TimeControl "180+0"]

1. d4 Nf6 2. c4 g6 3. Nc3 Bg7 4. e4 d6 5. Nf3 O-O 6. Be2 Na6 7. O-O e5 8. d5
Nc5 9. Qc2 a5 10. b3 Nh5 11. g3 f5 12. Nd2 Nf6 13. a3 Bh6 14. b4 axb4 15.
axb4 Rxa1 16. bxc5 Bxd2 17. Bxd2 Rxf1+ 18. Bxf1 dxc5 19. Be3 b6 20. exf5
Bxf5 21. Qa4 Qa8 22. Qd1 Bg4 23. Qc1 Bf3 24. Nb5 Qd8 25. Bg5 Qd7 26. Qe3 Ng4
27. Qc3 h6 28. Be3 Qf5 29. Nxc7 Nxh2 30. Kxh2 Qh5+ 31. Bh3 Bg4 32. f4 Qxh3+
33. Kg1 Qxg3+ 34. Kf1 Qf3+ 35. Ke1 Qe2# {White checkmated} 0-1

[Event "ICCopen2017"]
[Site "Internet Chess Club"]
[Date "2017.03.19"]
[Round "2"]
[White "sanguine"]
[Black "Shafkat"]
[Result "0-1"]
[ICCResult "White forfeits on time"]
[WhiteElo "1128"]
[BlackElo "1554"]
[Opening "Ruy Lopez: Schliemann defense"]
[ECO "C63"]
[NIC "RL.06"]
[Time "19:21:58"]
[TimeControl "180+0"]

1. e4 e5 2. Nf3 Nc6 3. Bb5 f5 4. O-O fxe4 5. Bxc6 dxc6 6. Nxe5 Nf6 7. d4 Bd6
8. Nf7 Kxf7 9. c3 Bg4 10. Qb3+ Be6 11. c4 Rf8 12. f4 exf3 13. Rxf3 Kg8 14.
Bg5 h6 15. Bh4 Be7 16. Nd2 Qxd4+ 17. Bf2 Qxd2 18. Rd1 Qg5 19. Be3 Bc5 20.
Rg3 Bxe3+ 21. Rxe3 Qc5 22. Kh1 Qxc4 23. Qxb7 Rad8 24. Rde1 Bg4 25. h3 Bh5
26. Re7 Nd5 27. R7e5 Bf7 28. b3 Qc2 29. R5e2 Qg6 30. Qxa7 Nf4 31. Rf2 Bd5
{White forfeits on time}
0-1

[Event "ICCopen2017"]
[Site "Internet Chess Club"]
[Date "2017.03.19"]
[Round "2"]
[White "penguingm1"]
[Black "BryanL"]
[Result "1/2-1/2"]
[ICCResult "Game drawn because neither player has mating material"]
[WhiteElo "2838"]
[BlackElo "1993"]
[Opening "King's Indian: Sämisch variation"]
[ECO "E80"]
[NIC "KI.54"]
[Time "19:21:41"]
[TimeControl "180+0"]

1. d4 Nf6 2. c4 g6 3. f3 Bg7 4. e4 d6 5. Nc3 c6 6. Be3 Nbd7 7. Nge2 Qa5 8.
Qd2 e5 9. d5 cxd5 10. cxd5 O-O 11. Rb1 Ne8 12. b4 Qd8 13. g4 f5 14. gxf5
gxf5 15. Bg5 Ndf6 16. Ng3 fxe4 17. fxe4 Bg4 18. Be2 Qd7 19. O-O Rc8 20. Rbc1
a6 21. Bxg4 Qxg4 22. Kh1 Rc4 23. a3 b5 24. Qe2 Qxe2 25. Ncxe2 Nxe4 26. Nxe4
Rxf1+ 27. Rxf1 Rxe4 28. Ng3 Rc4 29. Nf5 e4 30. Bf4 Bb2 31. Bxd6 Nxd6 32.
Nxd6 Rc1 33. Rxc1 Bxc1 34. Nxe4 Bxa3 35. Nc5 Bxb4 36. Nxa6 Bd6 37. Kg2 Kg7
38. Kf3 Kf6 39. Ke4 b4 40. h3 b3 41. Kd3 Ke5 42. Kc3 Kxd5 43. Kxb3 Ke4 44.
Kc3 Kf3 45. Kd3 Kg3 46. Ke4 Kxh3 47. Kd5 Bf8 48. Nc7 h5 49. Ne6 Kg2 50. Nf4+
Kf3 51. Nxh5 {Game drawn because neither player has mating material} 1/2-1/2

[Event "ICCopen2017"]
[Site "Internet Chess Club"]
[Date "2017.03.19"]
[Round "2"]
[White "wonka"]
[Black "ChessOlympian"]
[Result "0-1"]
[ICCResult "White forfeits on time"]
[WhiteElo "1230"]
[BlackElo "1735"]
[Opening "King's Indian: London system"]
[ECO "A48"]
[NIC "QP.03"]
[Time "19:23:03"]
[TimeControl "180+0"]

1. d4 Nf6 2. Nf3 g6 3. Bf4 Bg7 4. h3 O-O 5. e3 d6 6. Nbd2 Nc6 7. Bd3 Qe8 8.
O-O e5 9. dxe5 dxe5 10. Bg5 h6 11. Bxf6 Bxf6 12. e4 Be6 13. a3 Bg7 14. Bc4
Bd7 15. Qe2 Kh7 16. Rad1 Qe7 17. Nb3 Rae8 18. Qd2 Bc8 19. Qd7 Bxd7
{White forfeits on time}
0-1

[Event "ICCopen2017"]
[Site "Internet Chess Club"]
[Date "2017.03.19"]
[Round "2"]
[White "Mandragora"]
[Black "doug50"]
[Result "1-0"]
[ICCResult "Black forfeits on time"]
[WhiteElo "1593"]
[BlackElo "1196"]
[Opening "Caro-Kann defense"]
[ECO "B10"]
[NIC "CK.01"]
[Time "19:22:11"]
[TimeControl "180+0"]

1. e4 c6 2. f4 d5 3. exd5 cxd5 4. Nf3 Nf6 5. Bb5+ Bd7 6. Be2 Bg4 7. O-O e6
8. d4 Be7 9. c3 O-O 10. h3 Bh5 11. g4 Bg6 12. Nbd2 h6 13. Qb3 b6 14. a4 Nbd7
15. c4 dxc4 16. Nxc4 Nd5 17. Nce5 Bh7 18. Bb5 N7f6 19. Nc6 Qd6 20. Nxe7+
Qxe7 21. Ne5 Qb4 22. Qxb4 Nxb4 23. Bd2 Nc2 24. Rac1 Nxd4 25. Ba6 Nb3 26.
Rcd1 Nc5 27. Bb5 Bc2 28. Rc1 Bxa4 29. Rxc5 bxc5 30. Bxa4 Nd5 31. Bc6 Rad8
32. Ba5 Rb8 33. f5 Rxb2 34. fxe6 fxe6 35. Rxf8+ Kxf8 36. Nd7+ Ke7 37. Nxc5
Rc2 38. Bxd5 exd5 39. Nd3 Rc8 40. Kf2 Rc4 41. Ke3 d4+ 42. Kd2 Ra4 43. Bb4+
{Black forfeits on time}
1-0

[Event "ICCopen2017"]
[Site "Internet Chess Club"]
[Date "2017.03.19"]
[Round "2"]
[White "playwaycool"]
[Black "GrandPatzer5"]
[Result "0-1"]
[ICCResult "White checkmated"]
[WhiteElo "2247"]
[BlackElo "1851"]
[Opening "Queen's pawn: Lundin (Kevitz-Mikenas) defense"]
[ECO "A40"]
[NIC "QO.17"]
[Time "19:22:48"]
[TimeControl "180+0"]

1. d4 Nc6 2. Nf3 d6 3. Nbd2 g6 4. e4 Bg7 5. c3 Nf6 6. Bd3 O-O 7. O-O e5 8.
d5 Ne7 9. h3 Ne8 10. Qc2 h6 11. b4 f5 12. c4 f4 13. c5 g5 14. cxd6 cxd6 15.
Ba3 Ng6 16. b5 h5 17. Nc4 g4 18. hxg4 hxg4 19. Ne1 Qh4 20. g3 fxg3 21. fxg3
Qxg3+ 22. Qg2 Qh4 23. Qh2 Qg5 24. Bc1 Nf4 25. Ng2 g3 26. Qh1 Rf6 27. Nxf4
exf4 28. e5 Rh6 29. Qg2 Rh2 30. Qxg3 Qxg3# {White checkmated} 0-1

[Event "ICCopen2017"]
[Site "Internet Chess Club"]
[Date "2017.03.19"]
[Round "2"]
[White "ComeonJimtal"]
[Black "shirovinster"]
[Result "1-0"]
[ICCResult "Black resigns"]
[WhiteElo "1714"]
[BlackElo "1416"]
[Opening "Sicilian: wing gambit, Marshall variation"]
[ECO "B20"]
[NIC "SI.48"]
[Time "19:22:55"]
[TimeControl "180+0"]

1. e4 c5 2. b4 cxb4 3. a3 d5 4. e5 Nc6 5. d4 e6 6. axb4 Bxb4+ 7. c3 Be7 8.
Bd3 Nh6 9. h3 Nf5 10. Nf3 O-O 11. O-O Nh4 12. Nh2 Ng6 13. f4 b6 14. Nd2 Bd7
15. Ndf3 Rc8 16. Bd2 Na5 17. Qb1 Nc4 18. Bc1 a5 19. g4 Nh4 20. Nxh4 Bxh4 21.
g5 f6 22. exf6 gxf6 23. Bxh7+ Kh8 24. Nf3 Qe7 25. Nxh4 Qxh7 26. Ng6+ Kg7 27.
Nxf8 Qxb1 28. Rxb1 Rxf8 29. h4 a4 30. Kh2 a3 31. Rf2 Ra8 32. Ra2 b5 33. Rb3
Ra4 34. Bxa3 Nxa3 35. Raxa3 Rc4 36. Rb4 Rc7 37. Kg3 fxg5 38. hxg5 Kg6 39.
Ra6 Kf5 40. Kf3 Rxc3+ 41. Kf2 Rc2+ 42. Ke3 Rc3+ 43. Kd2 Rc7 44. Rd6 Kxf4 45.
g6 Bc8 46. Rxb5 Rg7 47. Rc5 Bb7 48. Rxe6 Kf5 49. Rb6 Ba8 50. Ra5 Bb7 51. Kc3
Bc8 52. Rxd5+ Ke4 53. Rc5 Bf5 54. Re5+ Kf4 55. Rf6 Rxg6 56. Rfxf5+ Kg3 57.
Rg5+ Rxg5 58. Rxg5+ Kf4 59. Re5 {Black resigns} 1-0

[Event "ICCopen2017"]
[Site "Internet Chess Club"]
[Date "2017.03.19"]
[Round "2"]
[White "manusupergm2001"]
[Black "javi"]
[Result "1-0"]
[ICCResult "Black resigns"]
[WhiteElo "2150"]
[BlackElo "1670"]
[Opening "Sicilian"]
[ECO "B50"]
[NIC "SI.01"]
[Time "19:22:43"]
[TimeControl "180+0"]

1. e4 c5 2. Nf3 d6 3. Bc4 Nc6 4. O-O g6 5. d4 cxd4 6. Nxd4 Bg7 7. c3 Nf6 8.
Re1 O-O 9. Bg5 h6 10. Bh4 g5 11. Bg3 d5 12. exd5 Nxd5 13. Nxc6 bxc6 14. Nd2
Qb6 15. Nb3 Bb7 16. Bxd5 cxd5 17. Rxe7 Rfe8 18. Qe2 Rxe7 19. Qxe7 Ba6 20.
Re1 Bb5 21. Qc5 Qxc5 22. Nxc5 d4 23. a4 Bc6 24. cxd4 Bxd4 25. b4 a5 26. Nb3
Bc3 27. Rc1 axb4 28. a5 Ba4 29. Nc5 Bb5 30. Bc7 Rc8 31. Bb6 Rb8 32. Ne4 Be5
33. Rc5 Rd8 34. Bxd8 {Black resigns} 1-0

[Event "ICCopen2017"]
[Site "Internet Chess Club"]
[Date "2017.03.19"]
[Round "2"]
[White "bookseller"]
[Black "Mormegil"]
[Result "0-1"]
[ICCResult "White checkmated"]
[WhiteElo "1429"]
[BlackElo "1758"]
[Opening "Sicilian defense"]
[ECO "B44"]
[NIC "SI.39"]
[Time "19:23:26"]
[TimeControl "180+0"]

1. e4 c5 2. Nf3 Nc6 3. d4 cxd4 4. Nxd4 e6 5. c4 a6 6. Nc3 Qc7 7. a3 Nf6 8.
Be2 Bc5 9. Nc2 O-O 10. O-O d6 11. Kh1 Ba7 12. f4 e5 13. f5 Bd7 14. Bg5 Nd4
15. Bxf6 gxf6 16. Nd5 Qd8 17. Nxd4 Bxd4 18. Rb1 Bc6 19. b4 Bxd5 20. cxd5 Kh8
21. a4 Rg8 22. b5 axb5 23. Rxb5 b6 24. Qb3 Rg5 25. Rb1 Qf8 26. a5 bxa5 27.
Rb7 Qg7 28. Bf1 Rh5 29. Qa4 Qg3 30. Rb8+ Rxb8 31. Rxb8+ Kg7 32. Qe8 Qxh2#
{White checkmated}
0-1